 Dungeon Crawl Stone Soup version 0.30-a0-603-g51a0fb1b98 (webtiles) character file.

Game seed: 10847231295119408479

98 Leeroy the Ruffian (level 4, -6/35 HPs)
             Began as a Draconian Transmuter on Jan 7, 2023.
             Killed from afar by an orc wizard (11 damage)
             ... with a magic dart
             ... on level 3 of the Dungeon.
             The game lasted 00:01:53 (1692 turns).

Leeroy the Ruffian (Draconian Transmuter)           Turns: 1692, Time: 00:01:53

Health: -6/35      AC:  5    Str: 13    XL:     4   Next: 43%
Magic:  4/7        EV: 12    Int: 15    God:
Gold:   117        SH:  0    Dex: 11    Spells: 1/7 levels left

rFire   . . .      SeeInvis .      - Unarmed
rCold   . . .      Faith    .    (no shield)
rNeg    . . .      Spirit   .    (body armour unavailable)
rPois   .          Reflect  .    (helmet restricted)
rElec   .          Harm     .    (no cloak)
rCorr   .          Rampage  .    (no gloves)
Will    .....                    (no boots)
Stlth   +                        (no amulet)
HPRegen 0.25/turn                (no ring)
MPRegen 0.10/turn                (no ring)

@: no status effects
A: AC +5, unfitting armour, cold-blooded
a: no special abilities


You were on level 3 of the Dungeon.
You visited 1 branch of the dungeon, and saw 3 of its levels.

You collected 117 gold pieces.

Inventory:

Scrolls
 b - a scroll of amnesia {unknown}
 c - a scroll of enchant armour {unknown}
 d - a scroll of immolation {unknown}
 g - 4 scrolls of teleportation {unknown}
 h - a scroll of torment {unknown}
 i - 4 scrolls of vulnerability {unknown}
 n - a scroll of identify {unknown}
 p - a scroll of poison {unknown}
Potions
 a - a potion of lignification
 e - a potion of brilliance {unknown}
 f - a potion of attraction {unknown}
 j - 2 potions of curing {unknown}
 k - a potion of degeneration {unknown}
 l - a potion of mutation {unknown}
 m - a potion of haste {unknown}
 o - a potion of might {unknown}


   Skills:
 - Level 1.1 Fighting
 - Level 1.7 Dodging
 + Level 5.3 Unarmed Combat
 - Level 2.0 Spellcasting
 - Level 2.0 Transmutations


You had one spell level left.
You knew the following spells:

 Your Spells              Type           Power      Damage    Failure   Level
a - Beastly Appendage     Tmut           14%        N/A       10%         1
b - Spider Form           Tmut/Pois      4%         N/A       41%         3
c - Wereblood             Tmut           7%         N/A       14%         2

Your spell library contained the following spells:

 Spells                   Type           Power      Damage    Failure   Level
 Apportation              Tloc           2%         N/A       22%         1
 Ice Form                 Ice/Tmut       4%         N/A       82%         4
 Alistair's Intoxication  Tmut/Pois      2%         N/A       99%         5


Dungeon Overview and Level Annotations

Branches:
Dungeon (3/15)

Altars:


Innate Abilities, Weirdness & Mutations

Your plain brown scales are hard. (AC +5)
You cannot fit into any form of body armour.
You are cold-blooded and may be slowed by cold attacks.


Message History

You barely miss the orc priest.
The orc priest is severely wounded.
The orc wizard casts a spell.
The orc wizard flickers and vanishes!
Deactivating autopickup; reactivate with Ctrl-A.
The orc priest barely misses you.
You hit the orc priest.
The orc priest looks as sick as possible!
The orc priest is almost dead.
You kill the orc priest!
Your Unarmed Combat skill increases to level 5!
You have reached level 4!
You feel stronger.
You closely miss something. Something hits you.
You closely miss something. Something hits you.
You bite something! Something hits you.
You closely miss something. Something hits you.
The orc hits you with a +0 falchion!
You hit the orc.
The orc is almost dead.
The orc misses you. x2
You hit the orc.
You kill the orc!
You hear some strange, mumbled words.
A magic dart appears from out of thin air!
The magic dart hits you. The orc completely misses you.
The orc barely misses you.
You barely miss the orc.
You hear some strange, mumbled words.
A puff of flame appears from out of thin air!
The puff of flame hits you!
* * * LOW HITPOINT WARNING * * *
The orc hits you but does no damage. The orc completely misses you.
You barely miss the orc.
Your transformation has ended.
The orc misses you.
You hear some strange, mumbled words.
A magic dart appears from out of thin air!
The magic dart hits you!
You die...

.## # #.... # #.... #...
###.########## ####
......#.....## ....
#[##.#.##...######
#.##..#{..?.............
......o@)#.#.##...######
...$..##o#.#.....##
..#.. ....####### ...
##.### .## #.# ..# ....
#.


You could see 2 orcs.

Vanquished Creatures
  An orc priest (D:3)
  An adder (D:2)
  A worm (D:2)
  A dart slug (D:1)
  An orc (D:3)
  7 bats
  8 endoplasms
  2 giant cockroaches
  2 goblins (D:1)
  3 hobgoblins
  6 jackals
  2 quokkas (D:1)
  7 ball pythons
  A frilled lizard (D:2)
  6 rats
49 creatures vanquished.

Notes
Turn   | Place    | Note
-------+----------+-------------------------------------------
     0 | D:1      | Leeroy the Draconian Transmuter began the quest for the
                  | Orb.
     0 | D:1      | Reached XP level 1. HP: 16/16 MP: 3/3
    73 | D:1      | Reached XP level 2. HP: 22/23 MP: 5/5
   142 | D:1      | Reached skill level 4 in Unarmed Combat
   490 | D:1      | Reached XP level 3. HP: 26/28 MP: 6/6
  1316 | D:2      | Found a faded altar of an unknown god.
  1543 | D:2      | Learned a level 3 spell: Spider Form
  1546 | D:2      | Learned a level 2 spell: Wereblood
  1667 | D:3      | Found the +5 robe of Misfortune {Harm *Corrode *Slow EV+5}
  1685 | D:3      | Reached skill level 5 in Unarmed Combat
  1685 | D:3      | Reached XP level 4. HP: 34/35 MP: 3/7
  1692 | D:3      | Killed from afar by an orc wizard

Illustrated notes

Levels and vault maps discovered:
D:1:      ebering_trefoil_3fold, layout_loops_cross
D:2:      layout_loops_cross, shapermc_ecumenical_altar_acropolis,
          chequers_arboretum, kennysheep_generic_room_2
D:3:      layout_loops_cross, ebering_ghost_sewer_d, nrook_mini_vaults

Skill      XL: |  1  2  3 |
---------------+----------+-----
Unarmed Combat | 4 5 |  5.3
Fighting       | |  1.1
Dodging        | |  1.7
Spellcasting   | |  2.0
Transmutations | |  2.0

Action                   |  1- 3 |  4- 6 || total
-------------------------+-------+-------++-------
Melee: Unarmed           |   159 |     8 ||   167
       Tailslap          |    15 |       ||    15
       Punch             |     5 |       ||     5
 Cast: Spider Form       |     1 |       ||     1
 Stab: Sleeping          |     1 |       ||     1
Armor: Skin              |    68 |     1 ||    69
Dodge: Dodged            |   147 |     6 ||   153

Table legend: (Time is in decaauts)
 A = Elapsed time spent in this place.
 B = Non-inter-level travel time spent in this place.
 C = Inter-level travel time spent in this place.
 D = Time resting spent in this place.
 E = Time spent auto-exploring this place.
 F = Levels seen in this place.
 G = Mean time per level.
                   A        B        C        D        E       F      G
               +--------+--------+--------+--------+--------+-----+--------+
         Total |   1682 |   1596 |     86 |      0 |   1264 |   3 |  560.7 |
       Dungeon |   1682 |   1596 |     86 |      0 |   1264 |   3 |  560.7 |
               +--------+--------+--------+--------+--------+-----+--------+

Top non-repeatable levels by time:
     D:1: 799 daAuts
     D:2: 742 daAuts
     D:3: 140 daAuts
